 Dungeon Crawl Stone Soup version 0.21.1-1-g345015f (webtiles) character file.

90 inc the Changer (level 4, 5/19 HPs)
             Began as a Felid Transmuter on Feb 24, 2018.
             Was an Initiate of Nemelex Xobeh.
             Quit the game on level 3 of the Dungeon.
             The game lasted 00:10:31 (2997 turns).

inc the Changer (Felid Transmuter)                  Turns: 2997, Time: 00:10:31

Health: 5/19       AC:  1    Str:  6    XL:     4   Next: 32%
Magic:  8/8        EV: 18    Int: 15    God:    Nemelex Xobeh [......]
Gold:   123        SH:  0    Dex: 17    Spells: 1/7 levels left
                                        Lives:  0   Deaths: 1

rFire    . . .     SeeInvis +     - Unarmed
rCold    . . .     Gourm    .   (shield unavailable)
rNeg     . . .     Faith    .   (armour unavailable)
rPois    .         Spirit   .   (helmet unavailable)
rElec    .         Reflect  .   (cloak unavailable)
rCorr    .         Harm     .   (gloves unavailable)
MR       .....                  (boots unavailable)
Stlth    ++........             (no amulet)
HPRegen  0.06/turn              (no ring)
MPRegen  0.11/turn              (no ring)

@: quick
A: very small, no armour, no weapons or thrown items, stealth, claws 1, fangs 3,
see invisible, carnivore, speed 1, shaggy fur 1, slow metabolism 1, sharp paws
a: Renounce Religion


You were on level 3 of the Dungeon.
You worshipped Nemelex Xobeh.
Nemelex Xobeh was noncommittal.
You were not hungry.

You visited 1 branch of the dungeon, and saw 4 of its levels.

You collected 123 gold pieces.

Inventory:

Jewellery
 k - an uncursed ring of loudness
Scrolls
 a - a scroll of fog {unknown}
 d - a scroll of noise {unknown}
 e - 4 scrolls of teleportation
 f - 2 scrolls of identify
 h - 2 scrolls of remove curse
 j - 3 scrolls of blinking {unknown}
Potions
 i - a potion of invisibility
Books
 b - a book of Changes

   Spells                             Type                      Level
   a - Beastly Appendage              Transmutation                1
   b - Sticks to Snakes               Transmutation                2
   c - Spider Form                    Transmutation/Poison         3
   d - Ice Form                       Ice/Transmutation            4
   e - Blade Hands                    Transmutation                5
Miscellaneous
 g - a plain deck of destruction
Comestibles
 c - 7 rations


   Skills:
 - Level 1.0 Fighting
 - Level 2.6 Dodging
 - Level 4.3 Unarmed Combat
 - Level 2.0 Spellcasting
 + Level 4.6 Transmutations
 * Level 1.4 Poison Magic


You had one spell level left.
You knew the following spells:

 Your Spells              Type           Power        Failure   Level  Hunger
a - Beastly Appendage     Tmut           ###...       3%          1    #......
b - Sticks to Snakes      Tmut           ###.....     4%          2    ###....
c - Spider Form           Tmut/Pois      ##........   19%         3    ###....


Dungeon Overview and Level Annotations

Branches:
Dungeon (4/15)
 Temple: D:4-7

Altars:
Hepliaklqana
Makhleb
Nemelex Xobeh
Ru
Zin

Annotations:
D:3 Grinder


Innate Abilities, Weirdness & Mutations

You cannot wear armour.
You are incapable of wielding weapons or throwing items.
Your paws allow you to move quietly. (Stealth)
You have sharp claws.
You have razor-sharp teeth.
You have supernaturally acute eyesight. (SInv)
You are carnivorous and can eat meat at any time.
You cover ground quickly.
You are covered in fur. (AC +1)
You have a slow metabolism.
Your sharp claws are effective at attacking unaware monsters.


Message History

You rejoin the land of the living...
Found 11 gold pieces and a scale mail.
You now have 123 gold pieces (gained 11).
You see here a scale mail.
An orc priest comes into view. It is wielding a dagger of speed.
The orc priest shouts!
An orc priest is nearby!
An orc comes into view. It is wielding a hand axe.
You see here a scale mail.
Found an escape hatch in the floor.
A hobgoblin comes into view. It is wielding a club.
The hobgoblin shouts!
You claw the orc priest!
The orc priest is heavily wounded.
The orc priest hits you with a dagger of speed.
The orc priest mumbles some strange prayers to Beogh against you.
Pain shoots through your body!
Ouch! That really hurt!
* * * LOW HITPOINT WARNING * * *
Are you sure you want to abandon this character and quit the game? (Confirm with "yes".)

#########.#
#.#
#####.###
#.......#
#.###.#.#
#.# #.#.#
.. #.#
#.#.###....
#.#
#>o....#
#g# ###@#
#.# #.#
#.#####.#
#..g....#
#########


You could see an orc priest.

Vanquished Creatures
  A howler monkey zombie (D:3)
  3 adders
  An ooze (D:1)
  5 worms (D:2)
  2 leopard geckos (D:2)
  An orc (D:2)
  A ball python (D:1)
  6 bats
  4 giant cockroaches
  7 goblins
  4 hobgoblins
  5 jackals
  7 kobolds
  3 frilled lizards
  3 rats
53 creatures vanquished.

Vanquished Creatures (collateral kills)
  An ogre (D:4)
  An adder (D:4)
  A hobgoblin (D:2)
  A frilled lizard (D:2)
  A rat (D:2)
5 creatures vanquished.

Grand Total: 58 creatures vanquished

Notes
Turn   | Place    | Note
-------+----------+-------------------------------------------
     0 | D:1      | inc the Felid Transmuter began the quest for the Orb.
     0 | D:1      | Reached XP level 1. HP: 9/9 MP: 4/4
   270 | D:1      | Reached XP level 2. HP: 5/12 MP: 6/6
   920 | D:1      | Reached XP level 3. HP: 11/15 MP: 5/7
  1275 | D:2      | Learned a level 2 spell: Sticks to Snakes
  1443 | D:4      | Noticed an ogre
  1455 | D:4      | Killed an ogre
  1455 | D:4      | Reached XP level 4. HP: 13/19 MP: 1/8
  1576 | D:4      | Found a sacrificial altar of Ru.
  1576 | D:4      | Found a sparkling altar of Nemelex Xobeh.
  1604 | D:4      | Became a worshipper of Nemelex Xobeh the Trickster
  2015 | D:2      | Learned a level 3 spell: Spider Form
  2018 | D:2      | Received a gift from Nemelex Xobeh
  2183 | D:3      | Reached skill level 1 in Poison Magic
  2183 | D:3      | Reached XP level 5. HP: 22/22 MP: 7/9
  2503 | D:2      | Found a glowing silver altar of Zin.
  2503 | D:2      | Found a burning altar of Makhleb.
  2504 | D:2      | Noticed an Executioner
  2504 | D:2      | Noticed an angel
  2744 | D:2      | Found a hazy altar of Hepliaklqana.
  2928 | D:3      | Noticed Grinder
  2942 | D:3      | Killed from afar by Grinder
  2943 | D:3      | Reached XP level 4. HP: -8/19 MP: 6/8
  2997 | D:3      | Quit the game

Skill      XL: |  1  2  3  4 |
---------------+-------------+-----
Unarmed Combat | 4 |  4.3
Transmutations | 3 4 |  4.6
Poison Magic   | 1 |  1.4
Fighting       | |  1.0
Dodging        | |  2.6
Spellcasting   | |  2.0

Action                   |  1- 3 |  4- 6 || total
-------------------------+-------+-------++-------
Melee: Unarmed           |    87 |    82 ||   169
       Bite              |     5 |     9 ||    14
       Headbutt          |     2 |     7 ||     9
       Punch             |       |     1 ||     1
 Cast: Beastly Appendage |     8 |     7 ||    15
       Sticks to Snakes  |     3 |     9 ||    12
       Spider Form       |       |     5 ||     5
  Use: Potion            |     2 |     2 ||     4
       Scroll            |     4 |       ||     4
 Stab: Sleeping          |     2 |     1 ||     3
       Distracted        |       |     1 ||     1
  Eat: Chunk             |     6 |     4 ||    10
Armor: Skin              |     7 |     3 ||    10
Dodge: Dodged            |    72 |    64 ||   136
